AAA
ROCHESTER NORSEMEN @ BIRMINGHAM BARONS
05/12/2052
 
TOP OF THE 1ST
Birmingham Barons batting - Pitching for Newark Bears : RHP Pol Locklear
Pitching: RHP Pol Locklear
Batting: RHB Jeremy Milby 0-0: Called Strike
0-1: Foul Ball, location: 2F
0-2: Strikes out swinging
Batting: RHB Arturo Hernandes 0-0: Swinging Strike
0-1: Ball
1-1: Foul Ball, location: 2F
1-2: Strikes out swinging
Batting: LHB Eric Thomas 0-0: Ball
1-0: Ball
2-0: Foul Ball, location: 2F
2-1: Ball
3-1: Called Strike
3-2: SOLO HOME RUN (Flyball, 7D, EV 94.4 MPH), Distance : 365 ft
Batting: SHB John Greene 0-0: Foul Ball, location: 2F
0-1: Swinging Strike
0-2: Ball
1-2: Ball
2-2: Foul Ball, location: 2F
2-2: Strikes out swinging, 2-3 out at first.
Top of the 1st over - 1 run, 1 hit, 0 errors, 0 left on base; Birmingham 1 - Newark 0
BOTTOM OF THE 1ST
Newark Bears batting - Pitching for Birmingham Barons : RHP Fabian Watson
Pitching: RHP Fabian Watson
Batting: RHB Paul Greene 0-0: Called Strike
0-1: Ball
1-1: Ground out 5-3 (Groundball, 56, EV 96.9 MPH)
Batting: RHB Simon Sims 0-0: Called Strike
0-1: Ball
1-1: Ball
2-1: Ball
3-1: Fly out, F8 (Flyball, 8RS, EV 87.5 MPH)
Batting: LHB Ryan Garland 0-0: Ball
1-0: Ball
2-0: Foul Ball, location: 2F
2-1: Swinging Strike
2-2: Foul Ball, location: 2F
2-2: Strikes out swinging
Bottom of the 1st over - 0 runs, 0 hits, 0 errors, 0 left on base; Birmingham 1 - Newark 0
TOP OF THE 2ND
Birmingham Barons batting - Pitching for Newark Bears : RHP Pol Locklear
Batting: LHB Mike Logan 0-0: Foul Ball, location: 2F
0-1: Swinging Strike
0-2: Strikes out swinging
Batting: RHB Justin Smutny 0-0: Foul Ball, location: 2F
0-1: Foul Ball, location: 2F
0-2: Ground out U3 (Groundball, 3L, EV 78.8 MPH)
Batting: LHB Luke Word 0-0: Ground out U3 (Groundball, 3, EV 91.9 MPH)
Top of the 2nd over - 0 runs, 0 hits, 0 errors, 0 left on base; Birmingham 1 - Newark 0
BOTTOM OF THE 2ND
Newark Bears batting - Pitching for Birmingham Barons : RHP Fabian Watson
Batting: RHB Mike Thomas 0-0: Foul Ball, location: 2F
0-1: Ground out 5-3 (Groundball, 56S, EV 61.2 MPH)
Batting: RHB Kolby Dudek 0-0: Called Strike
0-1: Called Strike
0-2: Strikes out swinging
Batting: LHB Alex Alvarez 0-0: Foul Ball, location: 2F
0-1: Foul Ball, location: 2F
0-2: Foul Ball, location: 2F
0-2: Ball
1-2: Foul Ball, location: 2F
1-2: Ball
2-2: Ball
3-2: Fly out, F8 (Flyball, 8RD, EV 98.8 MPH)
Bottom of the 2nd over - 0 runs, 0 hits, 0 errors, 0 left on base; Birmingham 1 - Newark 0
TOP OF THE 3RD
Birmingham Barons batting - Pitching for Newark Bears : RHP Pol Locklear
Batting: RHB Josh Westcott 0-0: Called Strike
0-1: Ball
1-1: Foul Ball, location: 2F
1-2: Strikes out swinging
Batting: RHB Melvin Schaffer 0-0: Swinging Strike
0-1: Ball
1-1: Foul Ball, location: 2F
1-2: Ball
2-2: Strikes out swinging
Batting: RHB Jeremy Milby 0-0: Called Strike
0-1: Ball
1-1: Called Strike
1-2: Ball
2-2: Ball
3-2: Foul Ball, location: 2F
3-2: Foul Ball, location: 2F
3-2: Foul Ball, location: 2F
3-2: Hit by Pitch
Batting: RHB Arturo Hernandes 0-0: SINGLE (Line Drive, 6D, EV 100.0 MPH)
Jeremy Milby to second
Runner from 2nd tries for 3rd, SAFE, no throw by CF
Batting: LHB Eric Thomas 0-0: Swinging Strike
0-1: Ball
1-1: Called Strike
1-2: Strikes out swinging
Top of the 3rd over - 0 runs, 1 hit, 0 errors, 2 left on base; Birmingham 1 - Newark 0
BOTTOM OF THE 3RD
Newark Bears batting - Pitching for Birmingham Barons : RHP Fabian Watson
Batting: RHB Chase Neubauer 0-0: Foul Ball, location: 2F
0-1: Ball
1-1: Ground out 1-3 (Groundball, 13S, EV 71.9 MPH)
Batting: RHB Rich Brown 0-0: Ball
1-0: Ball
2-0: Fly out, F9 (Flyball, 9D, EV 79.4 MPH)
Batting: RHB Brock Horwitz 0-0: Called Strike
0-1: Ball
1-1: Foul Ball, location: 2F
1-2: Ball
2-2: Foul Ball, location: 2F
2-2: Foul Ball, location: 2F
2-2: Strikes out swinging
Bottom of the 3rd over - 0 runs, 0 hits, 0 errors, 0 left on base; Birmingham 1 - Newark 0
TOP OF THE 4TH
Birmingham Barons batting - Pitching for Newark Bears : RHP Pol Locklear
Batting: SHB John Greene 0-0: Ball
1-0: Fly out, F8 (Flyball, 8LD, EV 100.0 MPH)
Batting: LHB Mike Logan 0-0: Called Strike
0-1: Swinging Strike
0-2: Ball
1-2: Ball
2-2: Strikes out looking
Batting: RHB Justin Smutny 0-0: Ground out 6-3 (Groundball, 6, EV 92.5 MPH)
Top of the 4th over - 0 runs, 0 hits, 0 errors, 0 left on base; Birmingham 1 - Newark 0
BOTTOM OF THE 4TH
Newark Bears batting - Pitching for Birmingham Barons : RHP Fabian Watson
Batting: RHB Paul Greene 0-0: Ball
1-0: Ball
2-0: Ball
3-0: Called Strike
3-1: Foul Ball, location: 2F
3-2: Hit by Pitch
Batting: RHB Simon Sims 0-0: Called Strike
0-1: Foul Ball, location: 2F
0-2: Strikes out swinging
Batting: LHB Ryan Garland 0-0: Called Strike
0-1: Ball
1-1: SINGLE (Groundball, 4MD, EV 110.6 MPH)
Paul Greene to second
Batting: RHB Mike Thomas 0-0: SINGLE (Groundball, 4MS, EV 67.5 MPH) (infield hit)
Paul Greene to third
Ryan Garland to second
Batting: RHB Kolby Dudek 0-0: Ball
1-0: Called Strike
1-1: Ball
2-1: Foul Ball, location: 2F
2-2: Strikes out swinging
Batting: LHB Alex Alvarez 0-0: Hit by Pitch
Paul Greene scores
Ryan Garland to third
Mike Thomas to second
Batting: RHB Chase Neubauer 0-0: Swinging Strike
0-1: Foul Ball, location: 2F
0-2: Strikes out looking
Bottom of the 4th over - 1 run, 2 hits, 0 errors, 3 left on base; Birmingham 1 - Newark 1
TOP OF THE 5TH
Birmingham Barons batting - Pitching for Newark Bears : RHP Pol Locklear
Batting: LHB Luke Word 0-0: Ball
1-0: Ball
2-0: Ground out 5-3 (Groundball, 5, EV 85.0 MPH)
Batting: RHB Josh Westcott 0-0: DOUBLE (Line Drive, 9LS, EV 91.9 MPH)
Batting: RHB Melvin Schaffer 0-0: Fly out, F7 (Line Drive, 7D, EV 92.5 MPH)
Runner from 2nd tags up, SAFE at 3rd, no throw by LF
Batting: RHB Jeremy Milby 0-0: Ball
Wild Pitch!
Josh Westcott scores
1-0: Swinging Strike
1-1: Ball
2-1: Ball
3-1: Ground out 4-3 (Groundball, 4, EV 103.8 MPH)
Top of the 5th over - 1 run, 1 hit, 0 errors, 0 left on base; Birmingham 2 - Newark 1
BOTTOM OF THE 5TH
Newark Bears batting - Pitching for Birmingham Barons : RHP Fabian Watson
Batting: RHB Rich Brown 0-0: Foul Ball, location: 2F
0-1: Swinging Strike
0-2: Ball
1-2: Strikes out swinging
Batting: RHB Brock Horwitz 0-0: Ball
1-0: Ball
2-0: Called Strike
2-1: Foul Ball, location: 2F
2-2: Ball
3-2: Ground out 3-1 (Groundball, 34S, EV 83.8 MPH)
Batting: RHB Paul Greene 0-0: Ball
1-0: Called Strike
1-1: Swinging Strike
1-2: Ball
2-2: Foul Ball, location: 2F
2-2: Strikes out swinging
Bottom of the 5th over - 0 runs, 0 hits, 0 errors, 0 left on base; Birmingham 2 - Newark 1
TOP OF THE 6TH
Birmingham Barons batting - Pitching for Newark Bears : RHP Pol Locklear
Batting: RHB Arturo Hernandes 0-0: Ball
1-0: DOUBLE (Line Drive, 78M, EV 103.8 MPH)
Batting: LHB Eric Thomas 0-0: Fly out, F6 (Line Drive, 6, EV 70.0 MPH)
Batting: SHB John Greene 0-0: SINGLE (Groundball, 4MD, EV 99.4 MPH)
Arturo Hernandes to third
Batting: LHB Mike Logan 0-0: Ball
1-0: Called Strike
1-1: Called Strike
1-2: Ball
2-2: Strikes out swinging
Batting: RHB Justin Smutny 0-0: Foul Ball, location: 2F
0-1: Fielders Choice at 2nd, 6-4 (Groundball, 6, EV 87.5 MPH)
Top of the 6th over - 0 runs, 2 hits, 0 errors, 2 left on base; Birmingham 2 - Newark 1
BOTTOM OF THE 6TH
Newark Bears batting - Pitching for Birmingham Barons : RHP Fabian Watson
Batting: RHB Simon Sims 0-0: Ball
1-0: Foul Ball, location: 2F
1-1: SINGLE (Groundball, 6MD, EV 96.9 MPH)
Batting: LHB Ryan Garland 0-0: Called Strike
0-1: Grounds into double play, 4-6-3 (Groundball, 34, EV 85.0 MPH)
Batting: RHB Mike Thomas 0-0: Ball
1-0: Ground out 6-3 (Groundball, 6, EV 101.2 MPH)
Bottom of the 6th over - 0 runs, 1 hit, 0 errors, 0 left on base; Birmingham 2 - Newark 1
TOP OF THE 7TH
Birmingham Barons batting - Pitching for Newark Bears : RHP Pol Locklear
Batting: LHB Luke Word 0-0: Ball
1-0: SINGLE (Line Drive, 9S, EV 100.0 MPH)
Batting: RHB Josh Westcott 0-0: Bunt missed!
0-1: Ball
1-1: Bunted foul
1-2: SINGLE (Line Drive, 56, EV 97.5 MPH)
Luke Word to second
Batting: RHB Melvin Schaffer 0-0: Ball
1-0: Ball
2-0: SINGLE (Groundball, 4, EV 104.4 MPH)
Luke Word to third
Josh Westcott to second
Runner from 3rd tries for Home, SAFE, throw by RF to home
Batting: RHB Jeremy Milby 0-0: Bunt missed!
0-1: Sac Bunt to 13S - play at first, batter OUT! 1-4
Josh Westcott to third
Melvin Schaffer to second
Batting: RHB Arturo Hernandes 0-0: Ground out 5-3 (Groundball, 56, EV 92.5 MPH)
Josh Westcott scores
Batting: LHB Eric Thomas 0-0: Swinging Strike
0-1: Swinging Strike
0-2: Ball
1-2: Ball
2-2: Foul Ball, location: 2F
2-2: Strikes out swinging
Top of the 7th over - 2 runs, 3 hits, 0 errors, 1 left on base; Birmingham 4 - Newark 1
BOTTOM OF THE 7TH
Newark Bears batting - Pitching for Birmingham Barons : RHP Fabian Watson
Batting: RHB Kolby Dudek 0-0: Called Strike
0-1: Ball
1-1: Ground out 5-3 (Groundball, 56, EV 84.4 MPH)
Batting: LHB Alex Alvarez 0-0: Called Strike
0-1: Ball
1-1: Foul Ball, location: 2F
1-2: Ball
2-2: TRIPLE (Flyball, 9D, EV 107.5 MPH)
Batting: RHB Chase Neubauer 0-0: Ball
1-0: Swinging Strike
1-1: Ball
2-1: Ball
3-1: Ground out 6-3 (Groundball, 6, EV 84.4 MPH)
Alex Alvarez scores
Batting: RHB Rich Brown 0-0: Ball
1-0: Foul Ball, location: 2F
1-1: Foul Ball, location: 2F
1-2: Foul Ball, location: 2F
1-2: Foul Ball, location: 2F
1-2: Ball
2-2: Ball
3-2: TRIPLE (Line Drive, 7D, EV 95.6 MPH)
Pitching: RHP Isaiah Allen
Batting: RHB Brock Horwitz 0-0: Foul Ball, location: 2F
0-1: Ball
1-1: Called Strike
1-2: Foul Ball, location: 2F
1-2: Strikes out looking
Bottom of the 7th over - 1 run, 2 hits, 0 errors, 1 left on base; Birmingham 4 - Newark 2
TOP OF THE 8TH
Birmingham Barons batting - Pitching for Newark Bears : RHP Pol Locklear
Pitching: LHP Jahquil Mill
Batting: SHB John Greene 0-0: Fly out, F8 (Flyball, 89M, EV 87.5 MPH)
Batting: LHB Mike Logan 0-0: Ball
1-0: Ball
2-0: Ball
3-0: Base on Balls
Batting: RHB Justin Smutny 0-0: Called Strike
0-1: Fly out, F8 (Flyball, 8RXD, EV 84.4 MPH)
Batting: LHB Luke Word 0-0: Foul Ball, location: 2F
0-1: Ball
1-1: Foul Ball, location: 2F
1-2: Strikes out swinging
Top of the 8th over - 0 runs, 0 hits, 0 errors, 1 left on base; Birmingham 4 - Newark 2
BOTTOM OF THE 8TH
Newark Bears batting - Pitching for Birmingham Barons : RHP Isaiah Allen
Now in RF: Calogero Penni
Batting: RHB Paul Greene 0-0: Called Strike
0-1: Ball
1-1: Foul Ball, location: 2F
1-2: Ball
2-2: Fly out, F7 (Flyball, 7, EV 76.9 MPH)
Batting: RHB Simon Sims 0-0: Ground out 5-3 (Groundball, 56S, EV 78.8 MPH)
Batting: LHB Ryan Garland 0-0: Ball
1-0: Ball
2-0: Foul Ball, location: 2F
2-1: Ground out U3 (Groundball, 3, EV 78.8 MPH)
Bottom of the 8th over - 0 runs, 0 hits, 0 errors, 0 left on base; Birmingham 4 - Newark 2
TOP OF THE 9TH
Birmingham Barons batting - Pitching for Newark Bears : LHP Jahquil Mill
Batting: RHB Josh Westcott 0-0: Ball
1-0: Called Strike
1-1: Foul Ball, location: 2F
1-2: Fly out, F8 (Line Drive, 8LM, EV 85.0 MPH)
Batting: RHB Melvin Schaffer 0-0: Swinging Strike
0-1: Foul Ball, location: 2F
0-2: Foul Ball, location: 2F
0-2: Strikes out swinging
Batting: RHB Jeremy Milby 0-0: Swinging Strike
0-1: Swinging Strike
0-2: Ball
1-2: Foul Ball, location: 2F
1-2: Ground out U3 (Groundball, 3, EV 83.1 MPH)
Top of the 9th over - 0 runs, 0 hits, 0 errors, 0 left on base; Birmingham 4 - Newark 2
BOTTOM OF THE 9TH
Newark Bears batting - Pitching for Birmingham Barons : RHP Isaiah Allen
Pitching: RHP Jason Bullock
Batting: RHB Mike Thomas 0-0: Ball
1-0: Foul Ball, location: 2F
1-1: Ball
2-1: Ball
3-1: Base on Balls
Batting: RHB Kolby Dudek 0-0: Foul Ball, location: 2F
0-1: Foul Ball, location: 2F
0-2: Strikes out looking
Batting: LHB Alex Alvarez 0-0: Called Strike
0-1: Ball
1-1: Called Strike
1-2: Foul Ball, location: 2F
1-2: Foul Ball, location: 2F
1-2: Foul Ball, location: 2F
1-2: Ball
2-2: Ball
3-2: Fielders Choice at 2nd, 4-6 (Groundball, 4, EV 92.5 MPH)
Pitching: RHP Bobby Morissette
Batting: RHB Chase Neubauer 0-0: Called Strike
0-1: Foul Ball, location: 5F, Error on foul ball, E5
0-2: Ball
1-2: Ball
2-2: Ball
3-2: Foul Ball, location: 2F
3-2: Base on Balls
Alex Alvarez to second
Batting: RHB Rich Brown 0-0: Ground out U3 (Groundball, 34, EV 108.1 MPH)
Bottom of the 9th over - 0 runs, 0 hits, 1 error, 2 left on base; Birmingham 4 - Newark 2
Saturday, April 20th , 2024 - OOTP Baseball 24.11 Build 85